AoeStats
← Erick El Rojo

Marketplace

506547431Analyzed
1v1 RM · 18d ago on Sep 14, 2026· 38m 48s· 2 players
Game mode
Random Map
Map size
Tiny (2 player)
Population
200
Speed
Normal
Resources
Standard
Victory
Conquest
Starting age
Dark Age
Ending age
Imperial Age
RankedLock teamsTeams togetherTeam positionsShared explorationLock speedFull tech treeHidden civsTurbo modeCheats
Victory
Defeat
🇲🇽 Koreans · Mexico
1183
+16
🇺🇸 Portuguese · United States
1186
-16
Erick El Rojo
9:57 Feudal Age
12:09 Double-Bit Axe
16:09 Castle Age
15:04 Loom
18:20 Wheelbarrow
23:44 Bow Saw
23:39 Fletching
26:40 Horse Collar
31:35 Imperial Age
30:46 Hand Cart
30:20 Town Watch
30:41 Bodkin Arrow
32:52 Conscription
32:55 Town Patrol
32:58 Bracer
36:14 Cavalier
36:55 Husbandry
VadoseGoblin
6:22 Loom
11:10 Feudal Age
12:11 Double-Bit Axe
12:07 Horse Collar
14:46 Gold Mining
18:21 Castle Age
16:17 Stone Mining
18:49 Wheelbarrow
19:04 Bloodlines
19:47 Bow Saw
23:43 Heavy Plow
25:14 Fletching
32:54 Imperial Age
31:52 Hand Cart
31:23 Town Watch
34:17 Scale Barding Armor
34:23 Forging
34:16 Cavalier
34:58 Husbandry
35:28 Chain Barding Armor
37:30 Plate Barding Armor
37:31 Iron Casting
Connection lost

Rejoining the realm…

Still unreachable

The connection could not be restored.

Session expired

The server has moved on; the page needs a fresh start.